 Dungeon Crawl Stone Soup version 0.28-a0-533-g9f97627e2a (webtiles) character file.

Game seed: 17838234955983367126

854 tatocazan the Skirmisher (level 7, -13/56 HPs)
             Began as a Demonspawn Fighter on Sept 25, 2021.
             Killed from afar by Ijyb (34 damage)
             ... with a bolt of acid
             ... on level 5 of the Dungeon.
             The game lasted 00:07:24 (5793 turns).

tatocazan the Skirmisher (Demonspawn Fighter)       Turns: 5793, Time: 00:07:24

Health: -13/56     AC: 10    Str: 19    XL:     7   Next: 70%
Magic:  7/7        EV:  7    Int:  9    God:
Gold:   237        SH:  9    Dex: 12    Spells: 6/6 levels left

rFire   . . .      SeeInvis .   a - +0 war axe
rCold   . . .      Faith    .   c - +0 buckler
rNeg    . . .      Spirit   .   g - +0 chain mail
rPois   .          Reflect  .   (no helmet)
rElec   .          Harm     .   (no cloak)
rCorr   .          Rampage  .   (no gloves)
Will    .....                   i - +0 pair of boots
Stlth   ..........              (no amulet)
HPRegen 0.18/turn               (no ring)
MPRegen 0.10/turn               (no ring)

@: no status effects
A: talons 1, large bone plates 1, ignite blood 2
a: no special abilities


You were on level 5 of the Dungeon.
You visited 1 branch of the dungeon, and saw 5 of its levels.

You collected 237 gold pieces.

Inventory:

Hand Weapons
 a - a +0 war axe (weapon)
Armour
 b - a +0 scale mail
 c - a +0 buckler (worn)
 g - a +0 chain mail (worn)
 i - a +0 pair of boots (worn)
Wands
 m - a wand of mindburst (17)
Scrolls
 e - 2 scrolls of enchant armour {unknown}
 f - 3 scrolls of identify
 h - a scroll of noise {unknown}
 k - a scroll of magic mapping {unknown}
 o - a scroll of torment {unknown}
Potions
 d - a potion of flight {unknown}
 j - a potion of resistance
 l - a potion of mutation
 n - a potion of ambrosia {unknown}


   Skills:
 + Level 5.2 Fighting
 + Level 4.3 Axes
 + Level 4.8 Armour
 + Level 4.7 Shields


You had 6 spell levels left.
You didn't know any spells.
Your spell library contained the following spells:

 Spells                   Type           Power      Damage    Failure   Level
 Stone Arrow              Conj/Erth      0%         3d7       100%        3
 Animate Armour           Summ/Erth      0%         N/A       100%        4
 Lehudib's Crystal Spear  Conj/Erth      0%         10d2      100%        8


Dungeon Overview and Level Annotations

Branches:
Dungeon (5/15)
 Temple: D:4-7

Altars:
Elyvilon

Shops:
D:2 *

Annotations:
D:5 Ijyb


Innate Abilities, Weirdness & Mutations

You have sharp toenails.
You are partially covered in large bone plates. (SH +4)
Your demonic aura often causes spilled blood to erupt in flames.


Message History

The iguana is moderately wounded.
The iguana is engulfed in blazing flames.
You kill the iguana!
No target in view!
No target in view!
No target in view!
Key pressed, stopping explore.
Key pressed, stopping explore.
There is an open door here.
Found a stone staircase leading down.
o - a scroll labelled KOOX FUNUO Ijyb the Twisted Goblin comes into view.
She is wielding a +0 dagger and carrying a wand of acid (11).
Ijyb shouts!
Ijyb zaps a wand.
The bolt of acid hits you!!
Ouch! That really hurt!
A hound comes into view.
You take 29 damage, and have 27/56 hp.
MASSIVE DAMAGE!!
You are too injured to fight recklessly!
You are too injured to fight recklessly!
You are too injured to fight recklessly!
Found 17 stones.
The hound barks!
You hit Ijyb.
Ijyb is lightly wounded.
Ijyb screams, "I no like you!" Ijyb hits you but does no damage.
You closely miss Ijyb.
Ijyb is lightly wounded.
Ijyb hits you with a +0 dagger. Ijyb barely misses you.
You take 3 damage, and have 24/56 hp.
You closely miss Ijyb.
Ijyb is lightly wounded.
You closely miss the hound. The hound completely misses you.
The hound barely misses you. You block Ijyb's attack.
You closely miss Ijyb.
Ijyb is lightly wounded.
You miss the hound. The hound bites you.
Ijyb zaps a wand.
The bolt of acid hits you!!
Ouch! That really hurt!
You die...

## ############.#
#............###.
#................
#................ ..
#........@g......
....#.........h.....(
#....>#................
#............###.......
#......................
#.....>......###.....##
#............# ....##
#............# ...##
##............# ##


You could see Ijyb and a hound.

Vanquished Creatures
  Edmund (D:5)
  A water moccasin (D:5)
  2 phantoms (D:4)
  2 water moccasin skeletons
  An orc priest (D:5)
  A bullfrog skeleton (D:5)
  An iguana (D:5)
  A hound skeleton (D:3)
  11 gnolls
  9 adders
  A white imp (D:5)
  An adder skeleton (D:4)
  A worm (D:4)
  3 dart slugs
  4 orcs
  9 endoplasms
  2 giant cockroaches
  4 goblins
  6 hobgoblins
  9 jackals
  7 kobolds
  5 quokkas
  9 ball pythons
  3 bats (D:2)
  3 frilled lizards (D:1)
  6 rats
103 creatures vanquished.

Notes
Turn   | Place    | Note
-------+----------+-------------------------------------------
     0 | D:1      | tatocazan the Demonspawn Fighter began the quest for the
                  | Orb.
     0 | D:1      | Reached XP level 1. HP: 18/18 MP: 1/1
   114 | D:1      | Gained mutation: Your demonic aura sometimes causes spilled
                  | blood to erupt in flames. [demonic ancestry]
   114 | D:1      | Reached XP level 2. HP: 24/24 MP: 2/2
   767 | D:1      | Found a faded altar of an unknown god.
   772 | D:1      | Gained mutation: You have sharp toenails. [demonic
                  | ancestry]
   772 | D:1      | Reached XP level 3. HP: 29/29 MP: 3/3
  1265 | D:2      | Found Liecey's Assorted Antiques.
  2042 | D:2      | Reached XP level 4. HP: 24/35 MP: 4/4
  3130 | D:3      | Reached XP level 5. HP: 42/42 MP: 5/5
  3334 | D:4      | Noticed Edmund
  3377 | D:4      | Noticed a phantom
  3426 | D:4      | You fall into a shaft and drop 1 floor!
  3426 | D:5      | Entered Level 5 of the Dungeon
  3456 | D:5      | Reached skill level 4 in Fighting
  3473 | D:5      | Noticed a water moccasin
  3476 | D:4      | Noticed a phantom
  3485 | D:4      | Killed a phantom
  3498 | D:4      | Gained mutation: You are partially covered in large bone
                  | plates. (SH +4) [demonic ancestry]
  3498 | D:4      | Reached XP level 6. HP: 38/48 MP: 6/6
  4344 | D:5      | HP: 1/46 [orc priest/divine providence (15)]
  4365 | D:4      | HP: 2/46 [ball python (3)]
  4887 | D:4      | Gained mutation: Your demonic aura often causes spilled
                  | blood to erupt in flames. [demonic ancestry]
  4887 | D:4      | Reached XP level 7. HP: 46/55 MP: 7/7
  5307 | D:5      | Reached skill level 5 in Fighting
  5356 | D:5      | Killed Edmund
  5786 | D:5      | Noticed Ijyb
  5793 | D:5      | Killed from afar by Ijyb

Illustrated notes

Levels and vault maps discovered:
D:1:      scummos_arrival_gate, layout_loops_ring,
          dreamdust_ecumenical_altar_statues, minmay_heptomino_d4
D:2:      layout_rooms, serial_shops, shop, grunt_ministairs_4
D:3:      layout_rooms, hangedman_glass_teeth
D:4:      layout_cave_pools, uniq_edmund
D:5:      layout_basic, nicolae_tso_swordbearing_angel,
          mainiacjoe_overflow_surrounded_room, uniq_ijyb

Skill      XL: |  1  2  3  4  5  6  7 |
---------------+----------------------+-----
Axes           | 2 3 4 |  4.3
Armour         | 3 4 |  4.8
Shields        | 3 4 |  4.7
Fighting       | 4 5 |  5.2

Action                   |  1- 3 |  4- 6 |  7- 9 || total
-------------------------+-------+-------+-------++-------
Melee: War axe           |   121 |   184 |    27 ||   332
       Kick              |     1 |       |       ||     1
  Use: Potion            |       |     1 |       ||     1
       Scroll            |       |     2 |       ||     2
Armor: Scale mail        |    21 |       |       ||    21
       Chain mail        |    51 |   108 |     4 ||   163
Dodge: Dodged            |    46 |    85 |     9 ||   140
Block: Buckler           |    25 |    87 |    22 ||   134

Table legend: (Time is in decaauts)
 A = Elapsed time spent in this place.
 B = Non-inter-level travel time spent in this place.
 C = Inter-level travel time spent in this place.
 D = Time resting spent in this place.
 E = Time spent auto-exploring this place.
 F = Levels seen in this place.
 G = Mean time per level.
                   A        B        C        D        E       F      G
               +--------+--------+--------+--------+--------+-----+--------+
         Total |   5927 |   5739 |    188 |   2114 |   2593 |   5 | 1185.4 |
       Dungeon |   5927 |   5739 |    188 |   2114 |   2593 |   5 | 1185.4 |
               +--------+--------+--------+--------+--------+-----+--------+

Top non-repeatable levels by time:
     D:1: 1867 daAuts
     D:4: 1255 daAuts
     D:3: 1080 daAuts
     D:2: 947 daAuts
     D:5: 775 daAuts
